Map: Dusk Towers

Players

Aegwynn

  • Race: Zerg Zerg
  • League: Master

Miszu - Winner!

  • Race: Terran Terran
  • League: Grandmaster

VOD

Have the link to the VOD?

Description

Time

  • Played on: June 4, 2016, 4:23 p.m.
  • Length: 10:44
Show
View Real Time Build Order
Export as new Build Order

Aegwynn Zerg 

Build Orders: Hatch First, Ravager All-In 

Get SALT Encoding   

  12  0:01  Drone  
  13  0:13  Overlord  
  13  0:17  Drone  
  14  0:24  Extractor  
  14  0:25  Drone  
  15  0:32  Drone  
  16  0:52  Hatchery  
  16  0:55  Drone  
  16  1:08  Spawning Pool  
  15  1:11  Drone  
  15  1:16  Extractor  
  15  1:17  Drone  
  16  1:20  Drone  
  17  1:28  Drone  
  18  1:35  Drone  
  20  1:47  Drone  
  20  1:54  Queen  
  20  1:58  Roach Warren  
  21  2:02  Drone  
  21  2:04  Queen  
  24  2:10  Overlord  
  24  2:16  Extractor  
  24  2:19  Drone  
  24  2:28  Drone  
  25  2:39  Roach x3  
  25  2:44  Queen  
  33  2:52  Roach  
  33  2:55  Overlord  
  35  2:59  Ravager  
  36  3:16  Ravager x2  
  38  3:26  Roach x3  
  44  3:27  Overlord  
  34  3:58  Roach  
  34  3:59  Roach x2  
  38  4:09  Drone x4  
  35  4:20  Drone  
  35  4:22  Ravager x2  
  35  4:23  Ravager  
  39  4:27  Hatchery  
  38  4:39  Drone x2  
  40  5:00  Drone x3  
  43  5:25  Overlord x2  
  43  5:32  Lair  
  43  5:45  Extractor, Roach x4  
  50  5:54  Hatchery  
  50  5:55  Roach  
  51  6:05  Overlord x2  
  51  6:06  Overlord  
  51  6:13  Ravager  
  51  6:17  Overlord  
  52  6:23  Queen  
  54  6:27  Roach  
  54  6:28  Roach x3  
  54  6:32  Glial Reconstitution  
  62  6:38  Roach x3  
  67  6:43  Spore Crawler  
  66  6:52  Drone x3  
  68  7:01  Drone x3  
  36  7:37  Drone x6  
  36  7:38  Drone x3  
  36  7:39  Drone  
  42  7:44  Roach  
  42  7:47  Roach  
  46  8:04  Drone x2  
  48  8:10  Drone x2  
  48  8:11  Drone x3  
  48  8:12  Drone x2  
  55  8:15  Ravager x2  
  55  8:19  Evolution Chamber  
  56  8:22  Evolution Chamber  
  56  8:23  Drone  
  56  8:29  Roach x2  
  60  8:35  Roach x3  
  60  8:39  Drone x3  
  60  8:40  Drone  
  70  8:47  Infestation Pit  
  70  8:48  Zerg Ground Armor Level 1  
  69  8:50  Zerg Missile Weapons Level 1  
  69  8:51  Drone  
  70  9:00  Drone x4  
  74  9:07  Drone  
  74  9:08  Spore Crawler  
  74  9:10  Drone  
  74  9:11  Drone x2  
  74  9:15  Extractor, Drone x3  
  79  9:17  Roach  
  79  9:19  Overlord x2  
  79  9:22  Ravager  
  82  9:27  Spore Crawler  
  82  9:30  Pathogen Glands  
  81  9:36  Ravager  
  82  9:39  Extractor, Drone  
  82  9:40  Drone x2  
  82  9:41  Roach x6  
  96  9:56  Extractor  
  96  9:58  Roach  
  96  9:59  Overlord x3  
  97  10:00  Overlord x2  
  97  10:07  Drone  
  110  10:21  Roach x4  
  110  10:22  Roach  
Show
View Real Time Build Order
Export as new Build Order

Miszu Terran - Winner!

Build Orders: Reaper Expand 

Get SALT Encoding   

  12  0:02  SCV  
  13  0:14  SCV  
  13  0:20  Supply Depot  
  14  0:26  SCV  
  15  0:42  Barracks, SCV  
  16  0:44  Refinery  
  16  0:54  SCV  
  17  1:06  SCV  
  18  1:18  SCV  
  19  1:30  Orbital Command  
  19  1:32  Reaper  
  20  1:42  Command Center  
  20  1:50  Supply Depot  
  20  1:56  SCV  
  21  2:04  Marine  
  21  2:06  Factory  
  22  2:11  SCV  
  23  2:23  SCV  
  23  2:27  Barracks Reactor  
  24  2:32  Bunker  
  24  2:35  SCV  
  25  2:37  Refinery  
  25  2:49  Factory Tech Lab  
  25  2:52  SCV  
  25  2:55  Orbital Command  
  26  3:04  Marine x2, SCV  
  29  3:09  Bunker  
  29  3:10  Starport  
  29  3:17  SCV  
  30  3:20  Supply Depot  
  30  3:22  Marine  
  34  3:34  Siege Tank  
  33  3:56  Marine x2  
  33  4:01  Medivac  
  34  4:03  SCV x2  
  34  4:14  Marine x2  
  34  4:15  SCV  
  38  4:17  SCV  
  38  4:29  Supply Depot, Siege Tank, SCV  
  42  4:32  Marine x2  
  42  4:33  Liberator  
  44  4:49  SCV  
  44  4:50  Marine x2  
  44  4:51  Supply Depot  
  50  4:56  SCV  
  51  5:08  Marine x2  
  53  5:24  Liberator  
  53  5:25  Marine, SCV x2  
  54  5:31  Command Center  
  54  5:37  SCV x2  
  59  5:49  SCV  
  59  6:00  SCV  
  59  6:02  Barracks  
  59  6:04  Barracks  
  62  6:14  Supply Depot, SCV  
  62  6:17  Engineering Bay, SCV  
  62  6:18  Engineering Bay  
  62  6:24  Starport Reactor  
  62  6:33  Refinery  
  62  6:35  Refinery  
  62  6:36  Siege Tank, SCV x2  
  66  6:43  Marine x2, Orbital Command  
  68  6:48  SCV  
  68  6:53  Barracks Tech Lab x2  
  69  6:58  SCV  
  69  7:00  SCV  
  71  7:07  Marine x2  
  73  7:09  SCV  
  73  7:10  Terran Infantry Weapons Level 1, Terran Infantry Armor Level 1, SCV  
  73  7:11  Marine  
  73  7:12  Marine, SCV  
  73  7:16  Stimpack  
  66  7:24  Marine  
  62  7:38  Marine x3  
  62  7:39  Siege Tank  
  68  7:44  SCV x2  
  68  7:49  Marine  
  71  7:53  Barracks x2  
  71  7:56  Marine x3  
  74  8:03  Medivac x2  
  74  8:04  Barracks  
  75  8:05  Barracks  
  75  8:06  Marine  
  75  8:07  SCV x2  
  75  8:08  Barracks  
  75  8:10  Supply Depot  
  75  8:12  Supply Depot  
  78  8:14  Armory  
  78  8:19  SCV x2  
  80  8:26  Siege Tank  
  83  8:31  SCV x2  
  85  8:35  Marauder  
  85  8:36  Marauder  
  85  8:39  Orbital Command  
  85  8:40  Medivac  
  91  8:43  Barracks Reactor, SCV  
  91  8:44  Barracks Reactor  
  92  8:56  Barracks Reactor  
  92  8:57  Marauder x2  
  92  8:59  Barracks Tech Lab  
  92  9:02  Barracks Tech Lab  
  96  9:04  Barracks Tech Lab  
  96  9:10  Supply Depot x2  
  96  9:18  Supply Depot  
  96  9:19  Supply Depot  
  96  9:23  Marine  
  97  9:24  Marine x4  
  101  9:31  Marine x3  
  101  9:32  Marine  
  105  9:42  Supply Depot, Marine  
  105  9:43  Marine, Marauder  
  105  9:44  Supply Depot, Marine  
  105  9:45  Marine x3  
  113  9:55  Marine x3  
  113  9:56  Marauder  
  118  10:03  Marauder  
  118  10:04  SCV x2  
  118  10:05  Supply Depot, Refinery, SCV  
  118  10:06  Supply Depot  
  123  10:16  SCV x2  
  123  10:17  SCV  
  126  10:23  Marauder x2  
Tags
 
Add a new tag
Caveats
  • Supply blocks, unpowered buildings, or Contaminate may cause inaccurate times.
  • Supply counts are checked every 10 seconds.